 Dungeon Crawl Stone Soup version 0.28.0-47-ge53b351184 (webtiles) character file.

Game seed: 5107942610696652129

1722 bobregger the Nimble (level 9, -2/84 HPs)
             Began as an Ogre Berserker on May 3, 2022.
             Was an Elder of Trog.
             Slain by a killer bee (3 damage)
             ... on level 6 of the Dungeon.
             The game lasted 00:09:45 (7566 turns).

bobregger the Nimble (Ogre Berserker)               Turns: 7566, Time: 00:09:46

Health: -2/84      AC:  7    Str: 23    XL:     9   Next: 4%
Magic:  9/9        EV: 14    Int:  8    God:    Trog [****..]
Gold:   300        SH:  0    Dex: 12    Spells: 8/8 levels left

rFire   . . .      SeeInvis .   a - +3 mace (flame)
rCold   . . .      Faith    .   (no shield)
rNeg    . . .      Spirit   .   b - +1 animal skin
rPois   .          Reflect  .   (helmet restricted)
rElec   .          Harm     .   l - +2 cloak
rCorr   .          Rampage  .   (gloves unavailable)
Will    .....                   (boots unavailable)
Stlth   +.........              (no amulet)
HPRegen 0.24/turn               (no ring)
MPRegen 0.11/turn               (no ring)

@: mighty, lethally poisoned (-2 -> -17), about to teleport, on berserk
cooldown, slowed, very slow
A: large, unfitting armour, tough skin 1
a: Renounce Religion, Berserk, Trog's Hand, Brothers in Arms


You were on level 6 of the Dungeon.
You worshipped Trog.
Trog was greatly pleased with you.
You visited 1 branch of the dungeon, and saw 7 of its levels.
You also visited: Sewer.

You collected 300 gold pieces.

Inventory:

Hand Weapons
 a - a +3 mace of flaming (weapon)
Missiles
 d - a throwing net (quivered)
Armour
 b - a +1 animal skin (worn)
 l - a +2 cloak (worn)
Jewellery
 p - a ring of fire
Wands
 v - a wand of flame (20)
Scrolls
 j - a scroll of amnesia {unknown}
 o - 2 scrolls of teleportation
 u - a scroll of identify
Potions
 c - 2 potions of curing {unknown}
 e - a potion of haste {unknown}
 f - 3 potions of heal wounds {unknown}
 g - a potion of flight {unknown}
 h - a potion of mutation {unknown}
 i - a potion of brilliance {unknown}
 m - a potion of cancellation {unknown}
 n - a potion of degeneration {unknown}
 q - a potion of magic {unknown}
 r - a potion of invisibility {unknown}
 s - a potion of ambrosia {unknown}


   Skills:
 - Level 4.0 Fighting
 - Level 2.6 Maces & Flails
 + Level 10.7 Dodging


You had 8 spell levels left.
You didn't know any spells.
Your spell library was empty.

Dungeon Overview and Level Annotations

Branches:
Dungeon (7/15)             Temple (0/1) D:5           Sewer (visited)

Altars:
Cheibriados
Elyvilon
Nemelex Xobeh

Shops:
D:2 (   D:4 !!*   D:7 !?[


Innate Abilities, Weirdness & Mutations

You are too large for most types of armour.
You have tough skin. (AC +1)


Message History

You miss the killer bee.
You feel sick. The killer bee stings you.
You are more poisoned.
The killer bee poisons you!
You barely miss the killer bee.
You feel very sick. The killer bee stings you.
* * * LOW HITPOINT WARNING * * *
You are more poisoned.
The killer bee poisons you! The killer bee stings you.
* * * LOW HITPOINT WARNING * * *
You miss the killer bee.
You feel very sick. The killer bee stings you.
* * * LOW HITPOINT WARNING * * *
The killer bee stings you but does no damage.
You closely miss the killer bee.
You are no longer berserk.
You are exhausted.
You feel yourself slow down.
* * * LOW HITPOINT WARNING * * *
You feel very sick. The killer bee closely misses you.
Okay, then.
Blink to where?
Press: ? - help, Dir - move target 3 killer bees come into view.
As you read the scroll of blinking, it crumbles to dust.
* * * LOW HITPOINT WARNING * * *
You feel very sick.
The killer bee buzzes angrily. x3
As you read the scroll of teleportation, it crumbles to dust.
You feel strangely unstable.
* * * LOW HITPOINT WARNING * * *
You feel very sick.
The killer bee stings you but does no damage.
The killer bee closely misses you. The killer bee stings you.
* * * LOW HITPOINT WARNING * * *
You are more poisoned.
The killer bee poisons you! The killer bee stings you.
You die...

#.........##
#.........
#..........## ..#
#.........
#...........# ..#
#.........
##........#†## ..#
#.........
#........##c# ..#
#.........
........##..##..#
#.........
#.......###.##y.#
#......... ##......#
##y#yy## #.........
#......
#.y@...####.........
#.###.###.##.#
.............#.#
##.###.###.##...# #.
.......#.#.### ..
###.##...#...##### .
....#.#.###..5...
#.##...#..###.....
...#.#.#.##.......


You could see a centaur and 5 killer bees.

Vanquished Creatures
  Pikel (D:6)
  A water moccasin (Sewer)
  Pargi (D:3)
  An ogre (D:5)
  A phantom (D:5)
  A kobold brigand (D:5)
  A gnoll sergeant (D:6)
  2 scorpions
  4 killer bees (D:6)
  2 bullfrog zombies (D:6)
  A jelly (D:5)
  A gnoll shaman (D:6)
  Crazy Yiuf (D:6)
  A hound (D:6)
  A bullfrog skeleton (D:6)
  Terence (D:2)
  An iguana (D:5)
  8 adders
  8 gnolls (D:6)
  4 worms (D:3)
  A dart slug (D:3)
  An orc (D:5)
  13 ball pythons
  6 endoplasms
  5 giant cockroaches
  9 goblins
  11 hobgoblins
  9 jackals
  4 quokkas
  5 bats
  6 frilled lizards
  20 kobolds
  24 rats
156 creatures vanquished.

Vanquished Creatures (others)
  2 plants (D:2)
2 creatures vanquished.

Grand Total: 158 creatures vanquished

Notes
Turn   | Place    | Note
-------+----------+-------------------------------------------
     0 | D:1      | bobregger the Ogre Berserker began the quest for the Orb.
     0 | D:1      | Reached XP level 1. HP: 24/24 MP: 1/1
   115 | D:1      | Reached skill level 3 in Dodging
   163 | D:1      | Reached XP level 2. HP: 32/32 MP: 2/2
   620 | D:1      | Reached XP level 3. HP: 12/39 MP: 3/3
  1096 | D:1      | Reached ** piety under Trog
  1435 | D:2      | Reached skill level 4 in Dodging
  1457 | D:2      | Reached XP level 4. HP: 48/48 MP: 4/4
  1919 | D:2      | Found Sitom's Antique Weapon Shoppe.
  2015 | D:2      | Noticed Terence
  2431 | D:2      | Killed Terence
  2573 | D:2      | Reached skill level 5 in Dodging
  2824 | D:3      | Reached XP level 5. HP: 47/54 MP: 5/5
  3282 | D:3      | Noticed Pargi
  3288 | D:3      | Killed Pargi
  3289 | D:3      | Reached XP level 6. HP: 62/62 MP: 6/6
  3408 | D:3      | Reached skill level 6 in Dodging
  3760 | D:3      | Found a white marble altar of Elyvilon.
  3870 | D:4      | Found Emnen's Distillery.
  3881 | D:4      | Reached *** piety under Trog
  3964 | D:4      | Found a snail-covered altar of Cheibriados.
  4084 | D:4      | Found a glowing drain.
  4106 | Sewer    | Entered a sewer
  4139 | Sewer    | Noticed a water moccasin
  4148 | Sewer    | Killed a water moccasin
  4570 | D:4      | You fall into a shaft and drop 3 floors!
  4570 | D:7      | Found Laug's Magic Scroll Emporium.
  4570 | D:7      | Found Wery's Distillery.
  4615 | D:7      | Found Daudorch's Antique Armour Shoppe.
  4668 | D:6      | Found a runed translucent door.
  4748 | D:6      | Noticed Crazy Yiuf
  4803 | D:6      | Killed Crazy Yiuf
  4804 | D:6      | Reached skill level 7 in Dodging
  4804 | D:6      | Reached XP level 7. HP: 70/70 MP: 7/7
  5261 | D:5      | Entered Level 5 of the Dungeon
  5406 | D:4      | Found Qiemylal's Distillery.
  5451 | D:4      | Found Dauqorown's General Store.
  5754 | D:4      | Found a sparkling altar of Nemelex Xobeh.
  5839 | D:5      | Found a staircase to the Ecumenical Temple.
  6209 | D:5      | Reached **** piety under Trog
  6210 | D:5      | Reached skill level 8 in Dodging
  6531 | D:5      | Reached XP level 8. HP: 73/78 MP: 8/8
  7116 | D:6      | Noticed Pikel
  7140 | D:6      | Killed Pikel
  7141 | D:6      | Reached skill level 9 in Dodging
  7261 | D:6      | Reached skill level 10 in Dodging
  7553 | D:6      | Reached XP level 9. HP: 66/84 MP: 9/9
  7566 | D:6      | HP: 1/84 [killer bee (5)]
  7566 | D:6      | Slain by a killer bee

Illustrated notes

Levels and vault maps discovered:
D:1:      mrwooster_arrival_statue, layout_basic
D:2:      layout_loops_ring, serial_shops, shop, dk_noncrumbling_4,
          minmay_misc_feat_four_crosses, corexii_shack, uniq_terence
D:3:      layout_loops_cross, elyvilon_altar_3, uniq_pargi
D:4:      layout_cave_pools, mainiacjoe_overflow_swirl, serial_shops,
          nicolae_shop_waterfront, nicolae_square_shop,
          nicolae_shop_window_shopping, gup_sewer_entry_pipe, minmay_rat_hole
D:5:      layout_basic, minmay_temple_entry_stoned_glass
D:6:      layout_cave_pods, nicolae_concentric_dashed_squares_wild,
          uniq_crazy_yiuf_cottage, uniq_pikel
D:7:      layout_cave_pools, nzn_wu_jian_contemplation, gammafunk_ghost_grave,
          enter_bailey_2, serial_shops, nicolae_shop_crystal,
          nicolae_lakefront_shop, shop_fountains, nicolae_lakefront_shop,
          nicolae_shop_statue_plus, nicolae_lava_and_water, kennysheep_diamond,
          minmay_manual_mess, uniq_duvessa

Skill      XL: |  1  2  3  4  5  6  7  8 |
---------------+-------------------------+-----
Dodging        | 3 4 5 7 8 10 | 10.7
Fighting       | |  4.0
Maces & Flails | |  2.6

Action                   |  1- 3 |  4- 6 |  7- 9 || total
-------------------------+-------+-------+-------++-------
Melee: Mace              |   101 |   201 |   173 ||   475
       Punch             |       |     3 |     2 ||     5
Invok: Berserk           |     1 |     5 |     3 ||     9
       Trog's Hand       |       |     1 |     1 ||     2
  Use: Potion            |       |     1 |     1 ||     2
       Scroll            |       |     8 |     5 ||    13
Armor: Animal skin       |    47 |    86 |    75 ||   208
Dodge: Dodged            |    93 |   141 |   206 ||   440
